 Dungeon Crawl Stone Soup version 0.25-a0-73-g9796ba8d15 (webtiles) character file.

Game seed: 3880318948228671175, levelgen mode: deterministic

245 Flugkiller the Stinger (level 6, -8/39 HPs)
             Began as an Octopode Venom Mage on Nov 5, 2019.
             Mangled by Duvessa
             ... wielding a +0 short sword
              (14 damage)
             ... on level 4 of the Dungeon.
             The game lasted 00:06:00 (3694 turns).

Flugkiller the Stinger (Octopode Venom Mage)        Turns: 3694, Time: 00:06:00

Health: -8/39      AC:  1    Str:  7    XL:     6   Next: 10%
Magic:  9/11       EV: 12    Int: 19    God:
Gold:   117        SH:  5    Dex: 13    Spells: 5/11 levels left

rFire    . . .     SeeInvis .   h - +3 dagger
rCold    . . .     Gourm    .   u - +2 buckler
rNeg     . . .     Faith    .   (helmet restricted)
rPois    +         Spirit   .   (no amulet)
rElec    .         Reflect  .   w - ring of wizardry
rCorr    .         Harm     .   o - ring of poison resistance
MR       .....                  (no ring)
Stlth    +++.......             (no ring)
HPRegen  0.13/turn              (no ring)
MPRegen  0.12/turn              (no ring)
                                (no ring)
                                (no ring)

@: no status effects
A: almost no armour, stealthy swim, amphibious, 8 rings, constrict 8, camouflage
1, gelatinous body 1
a: no special abilities


You were on level 4 of the Dungeon.
You were not hungry.

You visited 1 branch of the dungeon, and saw 4 of its levels.

You collected 117 gold pieces.

Inventory:

Hand Weapons
 h - a +3 dagger (weapon)
   (You took it off a kobold on level 1 of the Dungeon)
 x - a +2 whip of draining
   (You found it on level 3 of the Dungeon)
Missiles
 c - 5 silver javelins
 d - 196 stones (quivered)
Armour
 u - a +2 buckler (worn)
   (You took it off a kobold on level 3 of the Dungeon)
Jewellery
 o - a ring of poison resistance (right tentacle)
   (You found it on level 2 of the Dungeon)
 w - a ring of wizardry (left tentacle)
   (You found it on level 3 of the Dungeon)
Scrolls
 e - 2 scrolls of teleportation {unknown}
 j - 5 scrolls of remove curse
 k - a scroll of fog {unknown}
 l - a scroll of random uselessness {unknown}
 n - a scroll of enchant weapon {unknown}
 q - a scroll of immolation {unknown}
 s - 5 scrolls of identify
 t - a scroll of enchant armour {unknown}
 v - a scroll of blinking {unknown}
Potions
 a - a potion of cancellation {unknown}
 f - a potion of lignification
 g - 2 potions of curing
 i - 3 potions of haste
 m - 2 potions of brilliance
 p - a potion of agility {unknown}
Comestibles
 b - 8 rations
 r - a chunk of flesh


   Skills:
 - Level 2.0 Fighting
 - Level 2.0 Dodging
 - Level 4.0 Stealth
 + Level 3.4 Spellcasting
 + Level 1.9 Conjurations
 + Level 5.4 Poison Magic


You had 5 spell levels left.
You knew the following spells:

 Your Spells              Type           Power        Failure   Level  Hunger
a - Sting                 Conj/Pois      ###.         2%          1    None
b - Poisonous Vapours     Pois/Air       ##....       4%          2    ##.....
c - Mephitic Cloud        Conj/Pois/Air  ##......     11%         3    ###....

Your spell library contained the following spells:

 Spells                   Type           Power        Failure   Level  Hunger
 Olgreb's Toxic Radiance  Pois           ###.....     11%         4    ####...
 Venom Bolt               Conj/Pois      ###.......   50%         5    ######.


Dungeon Overview and Level Annotations

Branches:
Dungeon (4/15)
 Temple: D:4-7

Altars:

Annotations:
D:4 exclusion: 3 slaves, Dowan, Duvessa


Innate Abilities, Weirdness & Mutations

You cannot wear most types of armour.
You are very stealthy in the water. (Stealth+)
You are amphibious.
You can wear up to eight rings at the same time.
You can use your tentacles to constrict eight enemies at once.
Your skin changes colour to match your surroundings (Stealth+).
Your rubbery body absorbs attacks. (AC +1, EV +1)


Message History

Dowan shouts!
Dowan points at Duvessa and mumbles some strange words.
Duvessa seems to speed up.
You block Duvessa's attack.
Press: ? - help, v - describe, . - travel
Here: Duvessa, wielding a +0 short sword and wearing a +0 ring mail (heavily wounded, fast, unusually resistant)
The floor.
Unknown command.
You hit Duvessa but do no damage. You grab Duvessa.
Duvessa is heavily wounded.
You constrict Duvessa. Duvessa hits you with a +0 short sword.
You hit Duvessa but do no damage.
Duvessa is heavily wounded.
You constrict Duvessa, but do no damage.
Duvessa hits you with a +0 short sword. You block Duvessa's attack.
You hit Duvessa.
Duvessa is heavily wounded.
You constrict Duvessa, but do no damage.
Duvessa gestures with her weapon.
Duvessa hits you with a +0 short sword.
You hit Duvessa but do no damage.
Duvessa is heavily wounded.
You constrict Duvessa. Duvessa hits you with a +0 short sword!
Duvessa barely misses you.
You hit Duvessa but do no damage. You squeeze Duvessa, but do no damage.
Duvessa is heavily wounded.
You constrict Duvessa. Duvessa hits you with a +0 short sword!
* * * LOW HITPOINT WARNING * * *
Duvessa hits you with a +0 short sword.
* * * LOW HITPOINT WARNING * * *
You feel better.
You constrict Duvessa, but do no damage.
You block Duvessa's attack.
Unknown command.
Unknown command.
Casting: Poisonous Vapours (safe; 4% risk of failure)
Confirm with . or Enter, or press ? or * to list all spells.
Aiming: Poisonous Vapours (safe; 4% risk of failure)
Press: ? - help, Dir - move target cursor, f - Dowan, p - Duvessa
Aim: Dowan, wielding a +0 dagger and wearing a +0 robe Poisonous vapours surround Dowan!
You constrict Duvessa, but do no damage.
Duvessa says, "My weaknesses are his strengths!"
Duvessa hits you with a +0 short sword!
* * * LOW HITPOINT WARNING * * *
Dowan is engulfed in poison gas.
Dowan is poisoned.
Duvessa hits you with a +0 short sword.
* * * LOW HITPOINT WARNING * * *
You release your grip on Duvessa.
Duvessa hits you with a +0 short sword!
You die...

#.# #.# #.#
#.# #.# #.#
#.#########
#..)......#
########@##
....####e#
#....e.#
########


You could see Duvessa and Dowan.

Vanquished Creatures
  A howler monkey (D:4)
  Crazy Yiuf (D:2)
  A worker ant (D:4)
  Robin (D:3)
  5 adders
  2 oozes
  4 worms
  A dart slug (D:2)
  2 leopard geckos
  An orc (D:3)
  2 giant cockroaches (D:3)
  16 goblins
  11 hobgoblins
  10 kobolds
  A ball python (D:3)
  8 bats
  3 frilled lizards
  5 rats
75 creatures vanquished.

Notes
Turn   | Place    | Note
-------+----------+-------------------------------------------
     0 | D:1      | Flugkiller the Octopode Venom Mage began the quest for the
                  | Orb.
     0 | D:1      | Reached XP level 1. HP: 11/11 MP: 3/3
     1 | D:1      | Noticed an electric eel
   309 | D:1      | Reached XP level 2. HP: 17/17 MP: 0/5
   641 | D:1      | Reached skill level 1 in Fighting
   778 | D:1      | Reached skill level 4 in Poison Magic
   778 | D:1      | Reached XP level 3. HP: 23/23 MP: 6/6
  1118 | D:2      | Learned a level 2 spell: Poisonous Vapours
  1122 | D:2      | Learned a level 3 spell: Mephitic Cloud
  1195 | D:2      | Found a runed translucent door.
  1196 | D:2      | Noticed Crazy Yiuf
  1458 | D:2      | Reached skill level 5 in Poison Magic
  1458 | D:2      | Reached XP level 4. HP: 22/28 MP: 2/7
  2166 | D:2      | Killed Crazy Yiuf
  2362 | D:3      | Reached XP level 5. HP: 32/33 MP: 6/9
  2363 | D:3      | Noticed Robin
  2600 | D:3      | Killed Robin
  3467 | D:4      | Noticed a slave
  3471 | D:4      | Noticed a slave
  3471 | D:4      | Noticed a slave
  3509 | D:4      | Reached XP level 6. HP: 39/39 MP: 3/11
  3659 | D:4      | Noticed Duvessa
  3659 | D:4      | Noticed Dowan
  3694 | D:4      | Mangled by Duvessa

Levels and vault maps discovered:
D:1:      arrival_aquarium_a, layout_basic, st_stairs_3
D:2:      layout_basic, first_ration, uniq_crazy_yiuf_cottage
D:3:      layout_basic, kennysheep_cross_room, uniq_robin
D:4:      layout_basic, serial_shops, nicolae_shop_trees, st_stairs_10,
          chequers_serial_rivers_micro_a, fedhas_altar_2, uniq_pikel,
          uniq_blork_the_orc, uniq_duvessa

Skill      XL: |  1  2  3  4  5 |
---------------+----------------+-----
Stealth        | 3 4 |  4.0
Fighting       | 1 2 |  2.0
Poison Magic   | 4 5 |  5.4
Spellcasting   | 3 |  3.4
Dodging        | |  2.0
Conjurations   | |  1.9

Action                   |  1- 3 |  4- 6 || total
-------------------------+-------+-------++-------
Melee: Unarmed           |     9 |       ||     9
       Constrict         |     7 |    13 ||    20
       Tentacles         |     1 |     6 ||     7
       Dagger            |    28 |    48 ||    76
 Cast: Sting             |    21 |     3 ||    24
       Poisonous Vapours |     4 |    36 ||    40
       Mephitic Cloud    |       |     1 ||     1
  Use: Scroll            |     3 |     2 ||     5
       Potion            |       |     1 ||     1
 Stab: Sleeping          |    11 |     5 ||    16
       Distracted        |     1 |       ||     1
  Eat: Chunk             |     2 |     9 ||    11
Armor: Skin              |     6 |     1 ||     7
Dodge: Dodged            |    19 |    20 ||    39
Block: Buckler           |       |     3 ||     3

Table legend:
 A = Non-vault XP
 B = Vault XP
 C = Vault XP percentage of total XP
 D = Non-vault monster count
 E = Vault monster count
 F = Vault count percentage of total count
                 A         B        C        D         E       F
            +---------+---------+-------+---------+---------+-------
      Total |     252 |      98 |  28.0 |      59 |      16 |  21.3
            +---------+---------+-------+---------+---------+-------
        D:1 |      36 |       3 |   7.7 |      20 |       2 |   9.1
        D:2 |      72 |      45 |  38.5 |      17 |       1 |   5.6
        D:3 |      40 |      37 |  48.1 |      18 |      12 |  40.0
        D:4 |     104 |      13 |  11.1 |       4 |       1 |  20.0
            +---------+---------+-------+---------+---------+-------
